 Dungeon Crawl Stone Soup version 0.26-a0-850-g97a50ab700 (webtiles) character file.

Game seed: 17443997618813017612

51 miscthings the Ruffian (level 3, -1/28 HPs)
             Began as a Hill Orc Transmuter on Nov 20, 2020.
             Slain by a rat (3 damage)
             ... on level 2 of the Dungeon.
             The game lasted 00:01:18 (919 turns).

miscthings the Ruffian (Hill Orc Transmuter)         Turns: 919, Time: 00:01:19

Health: -1/28      AC:  2    Str: 13    XL:     3   Next: 81%
Magic:  4/5        EV: 12    Int: 13    God:
Gold:   73         SH:  0    Dex: 11    Spells: 4/5 levels left

rFire    . . .     SeeInvis +     - Unarmed
rCold    . . .     Faith    .   (no shield)
rNeg     . . .     Spirit   .   a - +0 robe
rPois    .         Reflect  .   (helmet currently unavailable)
rElec    .         Harm     .   (no cloak)
rCorr    .         Rampage  .   (no gloves)
MR       .....                  (boots currently unavailable)
Stlth    +.........             (no amulet)
HPRegen  0.09/turn              f - ring of see invisible
MPRegen  0.09/turn              (no ring)

@: lethally poisoned (-1 -> -2), appendages
A: horns 2, talons 2
a: End Transformation


You were on level 2 of the Dungeon.
You had grown temporary horns.
You had grown temporary talons.
You visited 1 branch of the dungeon, and saw 2 of its levels.

You collected 73 gold pieces.

Inventory:

Armour
 a - a +0 robe (worn)
Jewellery
 f - a ring of see invisible (left hand)
Scrolls
 b - 2 scrolls of identify {unknown}
 e - a scroll of random uselessness {unknown}
Potions
 c - a potion of attraction {unknown}
 d - a potion of heal wounds {unknown}
 g - a potion of brilliance {unknown}


   Skills:
 - Level 1.2 Fighting
 - Level 1.5 Dodging
 - Level 3.2 Unarmed Combat
 - Level 1.5 Spellcasting
 + Level 3.0 Transmutations


You had 4 spell levels left.
You knew the following spells:

 Your Spells              Type           Power        Failure   Level
a - Beastly Appendage     Tmut           #.....       8%          1

Your spell library contained the following spells:

 Spells                   Type           Power        Failure   Level
 Wereblood                Tmut           #.......     12%         2
 Spider Form              Tmut/Pois      #.........   41%         3
 Ice Form                 Ice/Tmut       #.......     82%         4
 Blade Hands              Tmut           #.........   91%         5


Dungeon Overview and Level Annotations

Branches:
Dungeon (2/15)

Altars:


Innate Abilities, Weirdness & Mutations

You have a pair of horns on your head.
You have razor-sharp toenails.


Message History

You see here an adder corpse.
A rat and a goblin come into view.
You feel sick. The kobold closely misses you.
Found 11 stones.
You closely miss the kobold. You headbutt the kobold.
You kill the kobold!
You see here a kobold corpse.
You feel sick.
Your horns disappear.
Your talons disappear.
You feel sick.
Casting: Beastly Appendage (safe; 8% risk of failure)
Confirm with . or Enter, or press ? or * to list all spells.
You grow a pair of large bovine horns.
Your feet morph into talons.
You feel sick. The goblin hits you with a +0 spear.
* * * LOW HITPOINT WARNING * * *
You hit the goblin.
You kill the goblin!
The rat bites you.
You die...

........#######
......^.......#
..............#
..............#
..............#
.......†..†...##
..........(....#
.............)r#
###...###.####@##
#... #.####..##
#.... #...###..#
#..(. ##.......#
#.#.. #.......#.
#......... #..
#.......## ##..
##.......#
.##...######........


You could see a rat.

Vanquished Creatures
  3 adders (D:2)
  A dart slug (D:1)
  6 bats
  5 goblins
  2 hobgoblins (D:1)
  2 frilled lizards
  4 kobolds
  5 rats
28 creatures vanquished.

Notes
Turn   | Place    | Note
-------+----------+-------------------------------------------
     0 | D:1      | miscthings the Hill Orc Transmuter began the quest for the
                  | Orb.
     0 | D:1      | Reached XP level 1. HP: 16/16 MP: 3/3
   103 | D:1      | Reached XP level 2. HP: 20/23 MP: 2/4
   790 | D:2      | Reached XP level 3. HP: 28/28 MP: 3/5
   919 | D:2      | Slain by a rat

Illustrated notes

Levels and vault maps discovered:
D:1:      psy_arrival_conway, layout_basic
D:2:      layout_rooms, nicolae_overflow_hidden_temple

Skill      XL: |  1  2  3 |
---------------+----------+-----
Transmutations | 2 3 |  3.0
Fighting       | |  1.2
Dodging        | |  1.5
Unarmed Combat | |  3.2
Spellcasting   | |  1.5

Action                   || total
-------------------------++-------
Melee: Unarmed           ||    64
       Kick              ||    11
       Headbutt          ||     6
 Cast: Beastly Appendage ||    16
Armor: Robe              ||    11
Dodge: Dodged            ||    48

Table legend: (Time is in decaauts)
 A = Elapsed time spent in this place.
 B = Non-inter-level travel time spent in this place.
 C = Inter-level travel time spent in this place.
 D = Time resting spent in this place.
 E = Time spent auto-exploring this place.
 F = Levels seen in this place.
 G = Mean time per level.
                   A        B        C        D        E       F      G
               +--------+--------+--------+--------+--------+-----+--------+
         Total |    918 |    895 |     23 |    148 |    561 |   2 |  459.0 |
       Dungeon |    918 |    895 |     23 |    148 |    561 |   2 |  459.0 |
               +--------+--------+--------+--------+--------+-----+--------+

Top non-repeatable levels by time:
     D:1: 784 daAuts
     D:2: 133 daAuts
